 Dungeon Crawl Stone Soup version 0.25.1-2-g60ff931df9 (webtiles) character file.

Game seed: 10713908385785530130

117793 DildoBatman the Earth Mage (level 17, -6/115 HPs)
             Began as a Formicid Wizard on Sept 5, 2020.
             Was an Initiate of Gozag.
             Mangled by an alligator (8 damage)
             ... on level 2 of the Swamp.
             The game lasted 02:02:52 (27549 turns).

DildoBatman the Earth Mage (Formicid Wizard)       Turns: 27549, Time: 02:02:53

Health: -6/115     AC: 16    Str: 12    XL:     17   Next: 30%
Magic:  19/36      EV: 10    Int: 27    God:    Gozag
Gold:   3821       SH: 14    Dex:  5    Spells: 7/46 levels left

rFire    . . .     SeeInvis +   a - staff of death
rCold    . . .     Gourm    .   u - +0 tower shield
rNeg     + . .     Faith    .   o - +4 troll leather armour
rPois    +         Spirit   .   (helmet unavailable)
rElec    .         Reflect  .   P - +2 cloak
rCorr    .         Harm     .   D - +0 pair of gloves
MR       +....                  p - +0 pair of boots
Stlth    +.........             (no amulet)
HPRegen  0.69/turn              G - ring of poison resistance
MPRegen  0.25/turn              y - +4 ring of protection

@: no status effects
A: permanent stasis, dig shafts and tunnels, four strong arms, antennae 3,
clever 1, clumsy 2, deformed body
a: Dig, Shaft Self, Potion Petition, Call Merchant, Bribe Branch, Renounce
Religion


You were on level 2 of the Swamp.
You worshipped Gozag.
Gozag was most pleased with you.
You were not hungry.

You visited 5 branches of the dungeon, and saw 26 of its levels.

You collected 7034 gold pieces.
You spent 1770 gold pieces at shops.
You paid 1443 gold pieces to Gozag.

Inventory:

Hand Weapons
 b - a +5 long sword
 c - a +3 longbow of flaming
 d - a +2 scimitar of flaming
 e - a +2 trident of venom
 f - the +0 battleaxe of the New World {venom, rElec rN+ Dex-4 Stlth+}
   (You bought it in a shop on level 2 of the Orcish Mines)

   It poisons the flesh of those it strikes.
   It affects your dexterity (-4).
   It insulates you from electricity.
   It protects you from negative energy.
   It makes you more stealthy.
Missiles
 i - 112 bolts
 k - 436 arrows
 m - 130 sling bullets
Armour
 n - a scarf of resistance
 o - a +4 troll leather armour (worn)
 p - a +0 pair of boots (worn)
 t - a scarf of repulsion
 u - a +0 tower shield (worn)
 D - a +0 pair of gloves (worn)
 P - a +2 cloak (worn)
Magical Staves
 a - an uncursed staff of death (weapon)
Jewellery
 j - an uncursed ring of resist corrosion
 y - a +4 ring of protection (right hand)
 G - a ring of poison resistance (left hand)
 J - an uncursed ring of protection from fire
 U - an uncursed ring of protection from cold
Wands
 g - a wand of acid (27)
 B - a wand of disintegration (20)
 T - a wand of clouds (12)
Scrolls
 l - a scroll of enchant armour
 r - a scroll of enchant weapon
 x - 9 scrolls of remove curse
 z - 2 scrolls of identify
 C - 3 scrolls of magic mapping
 E - 4 scrolls of fear
 F - 4 scrolls of amnesia
 I - 2 scrolls of torment
 W - 6 scrolls of immolation
Potions
 h - 7 potions of curing
 q - 4 potions of magic
 s - a potion of resistance
 w - 2 potions of flight {unknown}
 A - 2 potions of invisibility
 H - 4 potions of might
 N - 2 potions of cancellation
 S - 4 potions of ambrosia
 X - 5 potions of heal wounds
 Z - 3 potions of brilliance
Miscellaneous
 O - a phantom mirror
 R - a box of beasts
 Y - a phial of floods
Comestibles
 v - 30 rations


   Skills:
 - Level 5.0 Fighting
 - Level 5.0 Armour
 - Level 4.3 Dodging
 - Level 2.4 Stealth
 * Level 9.5 Shields
 - Level 15.0 Spellcasting
 - Level 6.0 Conjurations
   Level 1.0 Summonings
 - Level 9.0 Necromancy
   Level 0.8 Translocations
 - Level 15.0 Transmutations
 - Level 5.0 Fire Magic
 - Level 5.0 Air Magic
 - Level 18.0 Earth Magic


You had 7 spell levels left.
You knew the following spells:

 Your Spells              Type           Power        Failure   Level  Hunger
a - Conjure Flame         Conj/Fire      #####...     3%          3    None
b - Borgnjor's Vile Clut  Necr/Erth      #######...   1%          5    None
c - Bolt of Magma         Conj/Fire/Erth ######....   5%          5    None
d - Vampiric Draining     Necr           #######...   1%          3    None
e - Mephitic Cloud        Conj/Pois/Air  #####...     7%          3    None
f - Statue Form           Tmut/Erth      #######..    1%          6    ####...
g - Necromutation         Tmut/Necr      #######...   99%         8    #######
h - Dispel Undead         Necr           #######.     2%          4    None
z - Sublimation of Blood  Necr           #######...   1%          2    None

Your spell library contained the following spells:

 Spells                   Type           Power        Failure   Level  Hunger
 Animate Skeleton         Necr           N/A          1%          1    None
 Beastly Appendage        Tmut           ######       1%          1    None
 Magic Dart               Conj           ####         1%          1    None
 Pain                     Necr           ####         1%          1    None
 Corpse Rot               Necr/Air       N/A          1%          2    None
 Searing Ray              Conj           ######       1%          2    None
 Sticks to Snakes         Tmut           #######.     1%          2    None
 Spider Form              Tmut/Pois      ######....   1%          3    None
 Petrify                  Tmut/Erth      #######.     1%          4    None
 Blade Hands              Tmut           #######...   1%          5    None
 Animate Dead             Necr           N/A          2%          4    None
 Leda's Liquefaction      Hex/Erth       ######....   2%          4    None
 Ice Form                 Ice/Tmut       ######..     4%          4    None
 Summon Small Mammal      Summ           ####         7%          1    None
 Apportation              Tloc           ###...       8%          1    None
 Dazzling Flash           Conj/Hex       #####.       9%          3    None
 Corona                   Hex            ###....      11%         1    None
 Call Imp                 Summ           ####....     11%         2    None
 Iron Shot                Conj/Erth      ######....   12%         6    ####...
 Yara's Violent Unravell  Hex/Tmut       ######....   13%         5    None
 Ensorcelled Hibernation  Hex/Ice        ###...       16%         2    None
 Slow                     Hex            ###.....     16%         2    None
 Gell's Gravitas          Tloc           ###.......   22%         3    None
 Iskenderun's Mystic Bla  Conj/Tloc      #####...     26%         4    None
 Confusing Touch          Hex            ###.....     30%         3    None
 Tukima's Dance           Hex            ###.....     30%         3    None
 Fulminant Prism          Conj/Hex       #####.....   30%         4    None
 Death Channel            Necr           #######...   36%         6    ####...
 Excruciating Wounds      Chrm/Necr      ######....   41%         5    None
 Metabolic Englaciation   Hex/Ice        ###.......   96%         5    None
 Haunt                    Necr/Summ      ######....   100%        7    #####..
 Borgnjor's Revivificati  Necr           #######...   100%        8    #######
 Death's Door             Chrm/Necr      ######....   100%        8    #######
 Infestation              Necr           #######...   100%        8    #######
 Shatter                  Erth           #######...   100%        9    #######
 Blink                    Tloc           Unusable     N/A         2    N/A

Dungeon Overview and Level Annotations

Branches:
Dungeon (15/15)            Temple (1/1) D:5            Lair (6/6) D:10
  Swamp (2/4) Lair:2        Snake (0/4) Lair:2        Slime (0/5) Lair:6
    Orc (2/2) D:12            Elf (0/3) Orc:2        Vaults (0/5) D:14
 Depths (0/5) D:15

Altars:
Ashenzari
Cheibriados
Dithmenos
Elyvilon
Fedhas
Gozag
Hepliaklqana
Kikubaaqudgha
Makhleb
Nemelex Xobeh
Okawaru
Qazlal
Ru
Sif Muna
Trog
Uskayaw
Vehumet
Wu Jian
Xom
Yredelemnul
Zin
The Shining One
Beogh

Shops:
D:7 %*   D:9 ?   Orc:2 }[}(!


Innate Abilities, Weirdness & Mutations

You cannot be hasted, slowed, berserked, paralysed or teleported.
You can dig through walls and to a lower floor.
Your four strong arms can wield two-handed weapons with a shield.
You have a pair of large antennae on your head. (SInv)
Your mind is acute. (Int +2)
You are very clumsy. (Dex -4)
Armour fits poorly on your strangely shaped body.


Message History

The zombie hands constrict the ghost crab!
You destroy the ghost crab!
The spectral anaconda fades away!
The spectral snapping turtle fades away!
The swamp worm is no longer distracted by gold.
The spriggan rider is no longer distracted by gold.
The sentinel's mark upon you fades away.
The swamp worm seems to regain its courage.
The swamp worm fires a harpoon shot at you.
The harpoon shot hits you.
You are yanked forward by the harpoon shot.
You violently stop moving!
The swamp worm fires a harpoon shot at you.
The harpoon shot hits you!
You are yanked forward by the harpoon shot.
You violently stop moving!
The alligator bites you but does no damage.
The alligator tail-slaps you!
You die...
Your body crumbles into a pile of gold.

♣..≈♣ ♣≈≈≈≈..≈≈≈≈≈≈≈≈≈≈≈[...♣
♣♣..♣♣♣♣♣♣..≈.≈≈≈≈≈≈≈≈≈≈≈≈≈.≈≈≈
♣.≈.♣≈.≈♣♣♣♣♣.≈≈≈≈≈≈_≈≈≈≈≈≈.§≈≈
♣.≈≈.♣...♣♣♣..≈≈≈≈≈≈≈≈≈≈≈≈≈....
♣.≈≈..§≈.≈♣≈...≈≈≈≈≈≈≈≈≈≈≈..♣..
♣≈....§≈≈§...≈..≈≈≈≈≈≈i≈≈......
♣♣..≈....♣♣.≈≈≈...w≈≈≈≈...≈.♣..
♣..≈≈..♣..≈≈≈t≈..........≈.≈≈≈
♣♣≈≈≈..≈♣.≈..@....$$.≈≈≈...§≈≈
♣♣≈♣♣≈♣♣♣..♣♣♣♣♣≈≈$♣≈...≈≈≈≈≈
♣♣♣♣≈≈≈≈♣♣♣♣♣♣♣♣♣§○♣♣♣♣♣.≈≈≈≈.
♣♣..≈.≈≈≈.>≈≈≈≈≈.§☼○§≈♣♣♣≈.≈≈.≈
♣.≈.≈..≈≈.....≈≈≈≈≈≈≈≈.♣♣♣♣♣♣♣♣
♣♣..♣♣♣♣♣♣♣♣♣.≈≈≈≈≈≈.≈≈.♣♣
♣♣♣♣≈♣♣ ♣♣♣..≈≈..≈≈≈≈♣♣♣
♣≈.≈..♣ ♣♣≈.......≈≈≈♣ ♣♣≈.♣≈♣
♣....♣...≈≈≈♣


You could see an alligator (swift) and a swamp worm.

Vanquished Creatures
  Rupert (D:12)
  Jorgrun (D:12)
  Gastronok (Lair:2)
  Kirke (D:15)
  An orc warlord (Orc:2)
  Louise (D:15)
  A stone giant (Orc:2)
  Nessos (Orc:2)
  A dire elephant (D:15)
  Snorg (D:12)
  The ghost of BrickInstitution the Protected, a journeyman MiBe of Trog (Orc:2)
  An ogre mage (D:12)
  Erolcha (D:9)
  Harold (D:8)
  2 vault guards (D:14)
  An ice dragon (Lair:6)
  12 hydras
  A ghost crab (Swamp:2)
  8 two-headed ogres
  2 centaur warriors (D:15)
  An anaconda (Lair:6)
  4 alligators (Swamp:2)
  2 orc high priests (Orc:2)
  8 skeletal warriors (D:12)
  3 unseen horrors
  An orange crystal statue (D:10)
  3 wizards (D:14)
  A necromancer (D:14)
  A lindwurm (Lair:6)
  A swamp dragon (Swamp:2)
  Pikel (D:3)
  11 ugly things
  3 orc knights
  A deep elf mage (D:15)
  6 cyclopes
  3 orc sorcerers
  3 centaur zombies (D:14)
  7 elephants (Lair:4)
  3 manticores
  A stone giant skeleton (Orc:2)
  Psyche (D:8)
  3 black mambas
  5 torpor snails (Lair:6)
  Maggie (Lair:1)
  A kobold demonologist (D:15)
  19 spiny frogs
  4 rime drakes
  A freezing wraith (D:15)
  5 komodo dragons
  2 efreet (D:15)
  A hydra zombie (D:15)
  2 death yak skeletons (Lair:1)
  10 polar bears (Lair:6)
  11 trolls
  5 tyrant leeches
  13 hornets
  11 hippogriffs
  A meliai zombie (D:14)
  13 blink frogs
  2 hydra skeletons (Lair:1)
  2 slime creatures (D:15)
  3 spriggans (Swamp:2)
  3 wyverns
  5 shadows
  A wraith (D:14)
  An ettin skeleton (Orc:2)
  37 yaks
  3 hogs (D:15)
  6 basilisks
  2 hungry ghosts
  7 vampire mosquitoes (D:15)
  17 humans (D:14)
  A steam dragon (D:8)
  An elf skeleton (D:14)
  A human zombie (D:15)
  5 swamp worms
  9 wargs
  2 nagas (Lair:2)
  An acid dragon (D:11)
  6 water moccasins
  7 porcupines
  17 hell hounds (Lair:6)
  6 orc zombies
  6 sky beasts
  A hornet zombie (D:14)
  29 orc warriors
  2 slaves (D:4)
  5 ice beasts
  14 black bears
  10 ogres
  2 eyes of draining
  2 phantoms
  4 boggarts (Lair:6)
  A manticore skeleton (D:15)
  13 crocodiles
  22 wolves
  7 centaurs
  4 big kobolds
  Blork the orc (D:6)
  20 bullfrogs
  A wyvern zombie (D:10)
  2 yaktaur skeletons
  A cyclops zombie (D:13)
  A komodo dragon skeleton (Lair:1)
  A wyvern skeleton (D:14)
  2 warg zombies (Orc:2)
  4 scorpions
  5 killer bees (D:9)
  A tengu zombie (D:13)
  A troll zombie (D:14)
  3 wights (D:11)
  3 orc simulacra (Orc:2)
  6 howler monkeys
  3 bullfrog zombies
  5 crimson imps
  4 quasits
  4 jellies
  6 hounds
  7 centaur skeletons
  32 orc priests
  18 orc wizards
  3 iguanas
  10 worker ants
  A killer bee zombie (D:15)
  3 ogre zombies
  A hound skeleton (D:9)
  A howler monkey skeleton (D:14)
  9 adders
  2 ogre simulacra (Orc:2)
  4 shadow imps
  2 oozes
  An adder skeleton (D:15)
  2 adder zombies
  An iguana skeleton (D:15)
  An orc skeleton (Orc:2)
  A dart slug (D:2)
  3 worms
  7 leopard geckos
  113 orcs
  3 ball pythons
  3 giant cockroaches
  15 goblins
  12 hobgoblins
  17 jackals
  9 kobolds
  7 quokkas
  A ball python skeleton (D:5)
  9 bats
  4 frilled lizards
  A frilled lizard zombie (D:14)
  A giant cockroach zombie (D:5)
  A hobgoblin zombie (D:13)
  A jackal skeleton (D:5)
  A kobold skeleton (D:15)
  9 rats
  2 butterflies
  3 fungi
  5 plants
880 creatures vanquished.

Vanquished Creatures (collateral kills)
  A killer bee (D:9)
1 creature vanquished.

Vanquished Creatures (others)
  2 slaves (D:4)
  A scorpion (D:4)
  A hound (D:4)
  An adder (D:4)
  12 fungi
  11 plants (Lair:6)
28 creatures vanquished.

Grand Total: 909 creatures vanquished

Notes
Turn   | Place    | Note
-------+----------+-------------------------------------------
     0 | D:1      | DildoBatman the Formicid Wizard began the quest for the
                  | Orb.
     0 | D:1      | Reached XP level 1. HP: 13/13 MP: 4/4
    49 | D:1      | Reached skill level 1 in Conjurations
   162 | D:1      | Reached XP level 2. HP: 19/19 MP: 1/6
   614 | D:1      | Reached XP level 3. HP: 19/24 MP: 4/7
  1195 | D:2      | Reached XP level 4. HP: 10/30 MP: 0/8
  1712 | D:2      | Learned a level 3 spell: Conjure Flame
  1716 | D:2      | Learned a level 3 spell: Mephitic Cloud
  1879 | D:2      | Found an iron altar of Okawaru.
  1881 | D:2      | Found a hazy altar of Hepliaklqana.
  1881 | D:2      | Found a blossoming altar of Fedhas.
  1882 | D:2      | Found a shimmering altar of Xom.
  1883 | D:2      | Found a radiant altar of Vehumet.
  1885 | D:2      | Found an ancient bone altar of Kikubaaqudgha.
  1886 | D:2      | Found a burning altar of Makhleb.
  1890 | D:2      | Became a worshipper of Kikubaaqudgha
  2126 | D:3      | Reached XP level 5. HP: 22/35 MP: 1/9
  2404 | D:3      | Found a shimmering blue altar of Sif Muna.
  2434 | D:4      | Noticed Pikel
  2434 | D:4      | Noticed a slave
  2434 | D:4      | Noticed a slave
  2437 | D:4      | Noticed a slave
  2444 | D:4      | Noticed a slave
  2448 | D:4      | Killed a slave
  2615 | D:3      | Killed Pikel
  2615 | D:3      | Reached skill level 5 in Conjurations
  2615 | D:3      | Reached XP level 6. HP: 11/41 MP: 3/10
  2615 | D:3      | Reached XP level 7. HP: 12/46 MP: 3/11
  2786 | D:4      | Noticed a hippogriff
  2807 | D:4      | Killed a hippogriff
  2868 | D:4      | Noticed a +0 dagger
  2869 | D:4      | Found a hide-covered altar of Uskayaw.
  2869 | D:4      | Noticed a +0 dagger
  2996 | D:4      | Found a sparkling altar of Nemelex Xobeh.
  3064 | D:4      | Reached XP level 8. HP: 52/52 MP: 9/12
  3116 | D:4      | Found a glowing silver altar of Zin.
  3719 | D:4      | Reached * piety under Kikubaaqudgha
  3719 | D:4      | Identified Kikubaaqudgha's Compendium of Evil Rituals
                  | (Kikubaaqudgha gifted it to you on level 4 of the Dungeon)
  3719 | D:4      | Received a gift from Kikubaaqudgha
  3759 | D:5      | Entered Level 5 of the Dungeon
  4311 | D:5      | Got a fine scale mail
  4322 | D:5      | Identified the +1 scale mail "Fomyimul" {rN++} (You found
                  | it on level 5 of the Dungeon)
  4344 | D:5      | Found a faded altar of an unknown god.
  4346 | D:5      | Found a staircase to the Ecumenical Temple.
  4356 | Temple   | Entered the Ecumenical Temple
  4832 | D:6      | Reached skill level 5 in Fire Magic
  5002 | D:6      | Reached skill level 5 in Air Magic
  5002 | D:6      | Reached XP level 9. HP: 23/57 MP: 6/13
  5104 | D:6      | Noticed Blork the orc
  5115 | D:6      | Killed Blork the orc
  5115 | D:6      | Reached skill level 1 in Fighting
  5115 | D:6      | Reached skill level 1 in Armour
  5115 | D:6      | Reached skill level 1 in Necromancy
  5301 | D:6      | Reached ** piety under Kikubaaqudgha
  5764 | D:7      | Found Fem Ale's General Store.
  5769 | D:7      | Bought a scroll of immolation for 49 gold pieces
  5988 | D:7      | Found Jatecene's Food Shop.
  6233 | D:7      | Learned a level 2 spell: Sublimation of Blood
  6237 | D:7      | Learned a level 3 spell: Vampiric Draining
  6239 | D:8      | Noticed Harold
  6245 | D:8      | Noticed a brown ugly thing
  6272 | D:8      | Noticed Psyche
  6499 | D:8      | Noticed a two-headed ogre
  6521 | D:8      | Noticed a hornet
  6603 | D:8      | Reached *** piety under Kikubaaqudgha
  6603 | D:8      | Identified Kikubaaqudgha's Volume of Black Secrets
                  | (Kikubaaqudgha gifted it to you on level 8 of the Dungeon)
  6603 | D:8      | Received a gift from Kikubaaqudgha
  6603 | D:8      | Reached XP level 10. HP: 54/70 MP: 10/17
  6628 | D:7      | Learned a level 5 spell: Borgnjor's Vile Clutch
  6664 | D:8      | Reached skill level 1 in Earth Magic
  6741 | D:8      | Reached skill level 2 in Earth Magic
  6761 | D:8      | Reached skill level 3 in Earth Magic
  6792 | D:8      | Killed Psyche
  6792 | D:8      | Reached skill level 5 in Necromancy
  6792 | D:8      | Reached skill level 4 in Earth Magic
  6909 | D:8      | Killed a two-headed ogre
  6909 | D:8      | Reached skill level 5 in Earth Magic
  6961 | D:8      | Noticed a red ugly thing
  7378 | D:8      | Killed a brown ugly thing
  7409 | D:8      | Found a shattered altar of Ashenzari.
  7569 | D:7      | Killed a green ugly thing
  7569 | D:7      | Reached skill level 6 in Earth Magic
  7945 | D:8      | Killed Harold
  7945 | D:8      | Reached skill level 7 in Earth Magic
  7945 | D:8      | Reached XP level 11. HP: 22/75 MP: 2/18
  8432 | D:9      | Noticed Erolcha
  8545 | D:9      | Reached skill level 8 in Earth Magic
  8722 | D:9      | Reached skill level 9 in Earth Magic
  8869 | D:9      | Reached **** piety under Kikubaaqudgha
  8957 | D:9      | Reached skill level 5 in Spellcasting
  9033 | D:9      | Killed Erolcha
  9153 | D:9      | Found Ygeruen's Magic Scroll Shoppe.
  9164 | D:9      | Gained mutation: You occasionally shout uncontrollably at
                  | your foes. [potion of mutation]
  9164 | D:9      | Gained mutation: You are weak. (Str -2) [potion of
                  | mutation]
  9164 | D:9      | Gained mutation: You do not regenerate when monsters are
                  | visible. [potion of mutation]
  9164 | D:9      | Gained mutation: You have an increased reservoir of magic.
                  | (+10% MP) [potion of mutation]
  9165 | D:9      | Lost mutation: You occasionally shout uncontrollably at
                  | your foes. [potion of mutation]
  9165 | D:9      | Gained mutation: You are robust. (+10% HP) [potion of
                  | mutation]
  9165 | D:9      | Lost mutation: You are weak. (Str -2) [potion of mutation]
  9165 | D:9      | Gained mutation: Your flesh is heat resistant. (rF+)
                  | [potion of mutation]
  9352 | D:10     | Entered Level 10 of the Dungeon
  9374 | D:10     | Lost mutation: You do not regenerate when monsters are
                  | visible. [potion of mutation]
  9374 | D:10     | Lost mutation: Your flesh is heat resistant. (rF+) [potion
                  | of mutation]
  9374 | D:10     | Lost mutation: You are robust. (+10% HP) [potion of
                  | mutation]
  9374 | D:10     | Gained mutation: Potions are less effective at restoring
                  | your health. [potion of mutation]
  9374 | D:10     | Gained mutation: You are partially covered in rugged brown
                  | scales. (AC +1, +3% HP) [potion of mutation]
  9450 | D:10     | Learned a level 4 spell: Dispel Undead
  9480 | D:10     | Found a runed translucent door.
  9512 | D:10     | Found a runed translucent door.
  9655 | D:10     | Noticed a two-headed ogre
  9739 | D:10     | Killed a two-headed ogre
  9763 | D:10     | Found a runed translucent door.
  9774 | D:10     | Found a runed translucent door.
  9876 | D:10     | Found a staircase to the Lair.
 10068 | D:10     | Noticed an orange crystal statue
 10228 | D:10     | Killed an orange crystal statue
 10228 | D:10     | Reached XP level 12. HP: 58/86 MP: 2/24
 10382 | D:11     | Reached skill level 1 in Transmutations
 10514 | D:11     | Reached skill level 5 in Armour
 10519 | D:11     | Reached skill level 5 in Fighting
 10550 | D:11     | Noticed an unseen horror
 10559 | D:11     | Killed an unseen horror
 10670 | D:11     | Reached ***** piety under Kikubaaqudgha
 10674 | D:11     | Reached skill level 5 in Transmutations
 10758 | D:11     | Reached skill level 10 in Earth Magic
 11118 | D:12     | Noticed a skeletal warrior
 11118 | D:12     | Noticed a skeletal warrior
 11118 | D:12     | Noticed a skeletal warrior
 11119 | D:12     | Noticed a skeletal warrior
 11122 | D:12     | Noticed a skeletal warrior
 11127 | D:12     | Killed a skeletal warrior
 11138 | D:12     | Killed a skeletal warrior
 11143 | D:12     | Killed a skeletal warrior
 11165 | D:12     | Killed a skeletal warrior
 11165 | D:12     | Reached skill level 11 in Earth Magic
 11190 | D:12     | Killed a skeletal warrior
 11223 | D:12     | Noticed a two-headed ogre
 11233 | D:12     | Killed a two-headed ogre
 11275 | D:12     | Noticed Snorg
 11285 | D:12     | Killed Snorg
 11285 | D:12     | Reached skill level 10 in Transmutations
 11285 | D:12     | Reached XP level 13. HP: 58/93 MP: 2/25
 11350 | D:12     | Reached skill level 12 in Earth Magic
 11468 | D:12     | Noticed Rupert
 11725 | D:12     | Noticed an ogre mage
 11729 | D:12     | Killed an ogre mage
 11729 | D:12     | Reached skill level 13 in Earth Magic
 12004 | D:12     | Noticed Jorgrun
 12357 | D:12     | Killed Jorgrun
 12483 | D:12     | Killed Rupert
 12548 | D:12     | Found a staircase to the Orcish Mines.
 12760 | Orc:1    | Entered Level 1 of the Orcish Mines
 12912 | Orc:1    | Reached skill level 14 in Earth Magic
 12936 | Orc:1    | You fall into a shaft and drop 1 floor!
 12936 | Orc:2    | Entered Level 2 of the Orcish Mines
 12949 | Orc:2    | Reached XP level 14. HP: 100/100 MP: 12/26
 13282 | Orc:1    | Reached ****** piety under Kikubaaqudgha
 13321 | D:12     | Received a gift from Kikubaaqudgha
 13326 | D:12     | Fell from the grace of Kikubaaqudgha
 13503 | Temple   | Became a worshipper of Gozag Ym Sagoz the Greedy
 13683 | D:12     | Learned a level 6 spell: Statue Form
 13847 | Orc:2    | Found a staircase to the Elven Halls.
 13940 | Orc:2    | Found a roughly hewn altar of Beogh.
 13964 | Orc:2    | Noticed Nessos
 13972 | Orc:2    | HP: 5/100 [poisoned by Nessos]
 13973 | Orc:2    | HP: 2/100 [poisoned by Nessos]
 14081 | Orc:2    | Found a roughly hewn altar of Beogh.
 14088 | Orc:2    | Reached skill level 15 in Transmutations
 14146 | Orc:2    | Killed Nessos
 14250 | Orc:2    | Found Fibucw's Distillery.
 14284 | Orc:2    | Noticed a stone giant
 14306 | Orc:2    | Killed a stone giant
 14306 | Orc:2    | Reached skill level 15 in Earth Magic
 14444 | Orc:2    | Noticed an orc warlord
 14463 | Orc:2    | Found a roughly hewn altar of Beogh.
 14608 | Orc:2    | Found a roughly hewn altar of Beogh.
 14753 | Orc:2    | Found a roughly hewn altar of Beogh.
 14770 | Orc:2    | Found Jymut's Gadget Shop.
 14985 | Orc:2    | Found a runed translucent gate.
 14986 | Orc:2    | Found a runed translucent gate.
 14987 | Orc:2    | Found a runed translucent gate.
 14996 | Orc:2    | Noticed BrickInstitution's ghost (journeyman MiBe)
 15219 | Orc:2    | Killed an orc warlord
 15265 | Orc:2    | Found Feux's Gadget Shoppe.
 15400 | Orc:2    | Found a bloodstained altar of Trog.
 15473 | Orc:2    | Found Fiytazxi's Antique Weapon Boutique.
 15475 | Orc:2    | Found a roughly hewn altar of Beogh.
 15479 | Orc:2    | Found Jiqoqon's Antique Armour Shop.
 15794 | Orc:2    | Bought a potion of mutation for 88 gold pieces
 15794 | Orc:2    | Bought a potion of mutation for 88 gold pieces
 15794 | Orc:2    | Bought a potion of curing for 33 gold pieces
 15794 | Orc:2    | Bought a potion of magic for 88 gold pieces
 15794 | Orc:2    | Bought 2 potions of magic for 176 gold pieces
 15909 | D:9      | Bought a scroll of identify for 20 gold pieces
 15909 | D:9      | Bought a scroll of immolation for 35 gold pieces
 15909 | D:9      | Bought a scroll of identify for 20 gold pieces
 15961 | D:7      | Bought a scroll of identify for 28 gold pieces
 15961 | D:7      | Bought a scroll of amnesia for 49 gold pieces
 16118 | D:13     | Lost mutation: You are partially covered in rugged brown
                  | scales. (AC +1, +3% HP) [potion of mutation]
 16118 | D:13     | Gained mutation: You are weak. (Str -2) [potion of
                  | mutation]
 16118 | D:13     | Lost mutation: You are weak. (Str -2) [potion of mutation]
 16119 | D:13     | Lost mutation: Potions are less effective at restoring your
                  | health. [potion of mutation]
 16119 | D:13     | Lost mutation: You have an increased reservoir of magic.
                  | (+10% MP) [potion of mutation]
 16119 | D:13     | Gained mutation: Armour fits poorly on your strangely
                  | shaped body. [potion of mutation]
 16119 | D:13     | Gained mutation: You are resistant to electric shocks.
                  | (rElec) [potion of mutation]
 16290 | D:13     | Got a tattered robe
 16305 | D:13     | Identified the cursed +0 robe of Inevitability {rPois rN+
                  | Int+3 Dex-3} (You found it on level 13 of the Dungeon)
 16560 | D:13     | Found an ancient bone altar of Kikubaaqudgha.
 16837 | D:14     | Reached skill level 16 in Earth Magic
 16953 | D:14     | You fall into a shaft and drop 1 floor!
 16953 | D:15     | Entered Level 15 of the Dungeon
 17720 | D:14     | Found a glowing golden altar of the Shining One.
 18147 | D:14     | Reached XP level 15. HP: 103/103 MP: 2/28
 18293 | D:14     | Reached skill level 1 in Shields
 18465 | D:14     | Found a gate to the Vaults.
 18602 | D:15     | Reached skill level 10 in Spellcasting
 18779 | D:15     | Reached skill level 17 in Earth Magic
 19131 | D:15     | Found a staircase to the Depths.
 19876 | D:15     | Noticed Kirke
 19914 | D:15     | Killed Kirke
 20051 | D:15     | Noticed Louise
 20069 | D:15     | Killed Louise
 20544 | Lair:1   | Entered Level 1 of the Lair of Beasts
 20676 | Lair:1   | Reached skill level 18 in Earth Magic
 20755 | Lair:1   | Lost mutation: You are resistant to electric shocks.
                  | (rElec) [potion of mutation]
 20755 | Lair:1   | Gained mutation: You are clumsy. (Dex -2) [potion of
                  | mutation]
 20755 | Lair:1   | Gained mutation: You are very clumsy. (Dex -4) [potion of
                  | mutation]
 20755 | Lair:1   | Gained mutation: Your mind is acute. (Int +2) [potion of
                  | mutation]
 20756 | Lair:1   | Noticed Maggie
 20764 | Lair:1   | Killed Maggie
 21158 | Lair:1   | Was forgiven by Kikubaaqudgha
 21434 | Lair:2   | Found a staircase to the Snake Pit.
 21437 | Lair:2   | Got a pitted hand axe
 21574 | Lair:2   | Identified the +2 hand axe of Shrieking Terror {flame,
                  | rPois} (You found it on level 2 of the Lair of Beasts)
 21643 | Lair:2   | Noticed Gastronok
 21721 | Lair:2   | Killed Gastronok
 21721 | Lair:2   | Reached XP level 16. HP: 86/109 MP: 6/32
 22156 | Lair:2   | Found a staircase to the Swamp.
 22481 | Lair:3   | You fall into a shaft and drop 1 floor!
 22519 | Lair:4   | You fall into a shaft and drop 2 floors!
 22519 | Lair:6   | Entered Level 6 of the Lair of Beasts
 22911 | Lair:6   | Found a staircase to the Slime Pits.
 23725 | Lair:6   | Found a runed translucent door.
 24521 | Lair:5   | Identified a scroll of acquirement
 24735 | Lair:5   | Reached skill level 15 in Spellcasting
 25207 | Lair:4   | Reached skill level 5 in Shields
 25898 | Lair:4   | Reached XP level 17. HP: 111/115 MP: 31/36
 26642 | D:10     | Learned a level 5 spell: Bolt of Magma
 26651 | D:10     | Learned a level 8 spell: Necromutation
 26792 | Orc:2    | Killed BrickInstitution's ghost
 26859 | Orc:2    | Bought a wand of acid (8) for 312 gold pieces
 26859 | Orc:2    | Bought a wand of acid (6) for 260 gold pieces
 26859 | Orc:2    | Bought a wand of acid (6) for 260 gold pieces
 26891 | Orc:2    | Bought a steaming battleaxe for 264 gold pieces
 26891 | Orc:2    | Identified the +0 battleaxe of the New World {venom, rElec
                  | rN+ Dex-4 Stlth+} (You bought it in a shop on level 2 of
                  | the Orcish Mines)
 27056 | Swamp:1  | Entered Level 1 of the Swamp
 27070 | Swamp:1  | You fall into a shaft and drop 1 floor!
 27209 | Swamp:2  | Found a radiant altar of Vehumet.
 27549 | Swamp:2  | HP: 2/115 [some deep water collision (8)]
 27549 | Swamp:2  | Mangled by an alligator

Illustrated notes

Levels and vault maps discovered:
D:1:      dpeg_arrival_three_same_balls, layout_loops_ring,
          minmay_curled_crystal
D:2:      layout_basic, minitemple, first_ration, minmay_tetromino_s2
D:3:      layout_rooms, lemuel_blue_sif_altar
D:4:      cheibrodos_greedy_goblins, layout_basic, dancing_weapons_uskayaw,
          zin_statuary, lemuel_doored_altar, minmay_manual_maat, uniq_pikel
D:5:      layout_basic, nicolae_temple_entry_ecumenical
D:6:      layout_layer_cave, uniq_blork_the_orc
D:7:      layout_rooms, serial_shops, nicolae_shop_stone, shop
D:8:      layout_cave_pools, lemuel_round_altar, blue_anna_alchemist
          [blue_anna_fruit_fields, blue_anna_fruit_fields], uniq_harold,
          uniq_psyche
D:9:      wander_river, layout_loops_ring, serial_shops, shop,
          kennysheep_cluttered_room, uniq_erolcha
D:10:     layout_cave_pools, lair_entry_dummy, st_stairs_6,
          minmay_statue_crystal_thing
D:11:     layout_roguey, chequers_serial_rivers_micro_a
D:12:     layout_loops_corners, david_orc_1_choice, kennysheep_generic_room_12,
          uniq_jorgrun, uniq_snorg, uniq_rupert
D:13:     layout_big_octagon, basic_altar
D:14:     layout_loops_ring, grunt_vaults_entry_tiered, minmay_fountain_box,
          nicolae_tso_swordbearing_angel
D:15:     hangedman_depths_entry_try_elsewhere_first, layout_basic, uniq_louise,
          uniq_kirke
Temple:   jpeg_temple_alley_garden
Lair:1:   layout_cave_shapes, beast_lair_carwin_5, uniq_maggie
Lair:2:   layout_roguey, palyth_hydra_swamp_entry,
          minmay_snake_entry_guardpost_small, uniq_gastronok
Lair:3:   layout_misc_corridors, lemuel_fruit_fields
Lair:4:   layout_layer_cave, lemuel_fruit_fields, infiniplex_staircase_pool
Lair:5:   cheibrodos_lair_river_kwai, layout_misc_corridors, grunt_megastairs_3
Lair:6:   hangedman_lair_caniforms_friends, layout_long_grid, wormcave,
          slime_dummy, kilobyte_rumbling_trees, infiniplex_staircase_pool_2
Swamp:1:  layout_basic_swamp, hangedman_swamp_lotus
Swamp:2:  layout_basic_swamp, evilmike_swamp_ruin_house_5, lemuel_altar_in_water
Orc:1:    layout_diamond_mine, nicolae_orc_lava_room
Orc:2:    grunt_orc_community_town_hall, layout_caves,
          grunt_orc_community_big_house_2, grunt_orc_community_big_house_1,
          grunt_orc_community_house_1, grunt_orc_community_house_1,
          grunt_orc_community_house_2, grunt_orc_community_house_2,
          grunt_orc_community_house_3, serial_shops, shop,
          gammafunk_ghost_necromancy, bloody_trog, uniq_nessos

Skill      XL: |  1  2  3  4  5  6  7  8  9 10 11 12 13 14 15 16 17 |
---------------+----------------------------------------------------+-----
Conjurations   | 1 2 3 4 5 6 |  6.0
Fire Magic     | 3 5 |  5.0
Air Magic      | 2 3 5 |  5.0
Fighting       | 3 4 5 |  5.0
Armour         | 3 4 5 |  5.0
Dodging        | 3 4 |  4.3
Necromancy     | 3 7 9 |  9.0
Spellcasting   | 4 6 7 9 12 15 | 15.0
Earth Magic    | 7 9 11 14 16 18 | 18.0
Transmutations | 10 14 15 | 15.0
Shields        | 3 5 9 |  9.5
Stealth        | |  2.4
Summonings     | |  1.0
Translocations | |  0.8

Action                   |  1- 3 |  4- 6 |  7- 9 | 10-12 | 13-15 | 16-18 || total
-------------------------+-------+-------+-------+-------+-------+-------++-------
Melee: Short sword       |    56 |    78 |   101 |    35 |       |       ||   270
       Trident           |       |       |   266 |   411 |   444 |    35 ||  1156
       Long sword        |       |       |       |     6 |   173 |    91 ||   270
       Staff             |       |       |       |       |    41 |   197 ||   238
       Scimitar          |       |       |       |       |    25 |    14 ||    39
 Fire: Hunting sling     |       |    30 |    24 |       |       |       ||    54
       Shortbow          |       |       |       |    14 |    56 |       ||    70
       Longbow           |       |       |       |       |   151 |       ||   151
Throw: Dart              |       |    10 |     2 |     5 |       |       ||    17
 Cast: Magic Dart        |    66 |    62 |    47 |    19 |    15 |    28 ||   237
       Mephitic Cloud    |       |     4 |    23 |    34 |    46 |    21 ||   128
       Conjure Flame     |       |     1 |    21 |    36 |    50 |    12 ||   120
       Borgnjor's Vile C |       |       |       |    26 |   152 |   136 ||   314
       Vampiric Draining |       |       |       |     5 |    18 |    24 ||    47
       Dispel Undead     |       |       |       |     3 |    17 |     3 ||    23
       Sublimation of Bl |       |       |       |     2 |    19 |    19 ||    40
       Statue Form       |       |       |       |       |     1 |       ||     1
Invok: Potion Petition   |       |       |       |       |     2 |     1 ||     3
       Receive Necronomi |       |       |       |       |     1 |       ||     1
       Renounce Religion |       |       |       |       |     1 |       ||     1
 Abil: Dig               |     1 |     1 |    11 |    17 |    34 |     9 ||    73
Evoke: Wand              |       |       |       |     1 |    11 |       ||    12
  Use: Scroll            |       |       |     7 |     8 |     5 |    16 ||    36
       Potion            |       |       |       |     7 |     5 |       ||    12
 Stab: Sleeping          |     2 |       |     2 |     2 |     1 |     1 ||     8
       Confused          |       |     2 |    11 |     6 |     8 |     7 ||    34
       Invisible         |       |       |       |     1 |       |       ||     1
       Distracted        |       |       |       |       |     1 |     3 ||     4
  Eat: Chunk             |     1 |     4 |    18 |    18 |    17 |       ||    58
       Ration            |       |       |       |     3 |    18 |     6 ||    27
Armor: Robe              |     4 |    12 |    98 |    92 |       |       ||   206
       Troll leather arm |       |       |       |    32 |   344 |   224 ||   600
       Skin              |       |       |       |       |    14 |       ||    14
Dodge: Dodged            |    40 |    33 |   148 |   252 |   494 |   285 ||  1252
Block: Buckler           |       |       |       |       |    28 |    62 ||    90
       Tower shield      |       |       |       |       |       |    44 ||    44
       Rpst.: Long sword |       |       |       |     1 |    28 |    26 ||    55
       Scimitar          |       |       |       |       |     5 |       ||     5
